 Dungeon Crawl Stone Soup version 0.19.3-1-g3169bf9 (webtiles) character file.

412 MovingMist the Skirmisher (level 6, 0/39 HPs)
             Began as a Gargoyle Abyssal Knight on Jan 25, 2017.
             Was a Believer of Lugonu.
             Engulfed by a steam dragon's steam (1 damage)
             ... on level 5 of the Dungeon.
             The game lasted 00:08:26 (3380 turns).

MovingMist the Skirmisher (Gargoyle Abyssal Knight) Turns: 3380, Time: 00:08:27

Health: 0/39       AC: 20    Str: 15    XL:     6   Next: 90%
Magic:  8/8        EV:  5    Int: 13    God:    Lugonu [**....]
Gold:   173        SH:  0    Dex: 11    Spells: 0 memorised, 5 levels left

rFire  . . .     SeeInvis .     a - +1 mace
rCold  . . .     Gourm    .     b - +0 plate armour (curse)
rNeg   + . .     Faith    .     (no shield)
rPois  ∞         Spirit   .     h - +0 helmet
rElec  +         Reflect  .     f - +2 cloak
rCorr  .         Harm     .     e - +0 pair of gloves
MR     .....                    (no boots)
Stlth  ..........               (no amulet)
                                (no ring)
                                (no ring)

@: no status effects
A: negative energy resistance 1, electricity resistance, unbreathing,
petrification resistance, rot immunity, AC +4
a: Depart the Abyss, Bend Space, Renounce Religion


You were on level 5 of the Dungeon.
You worshipped Lugonu.
Lugonu was pleased with you.
You were not hungry.

You visited 1 branch of the dungeon, and saw 5 of its levels.
You visited the Abyss 1 time.

You collected 173 gold pieces.

Inventory:

Hand Weapons
 a - a +1 mace (weapon)
Armour
 b - a cursed +0 plate armour (worn)
 e - a +0 pair of gloves (worn)
 f - a +2 cloak (worn)
 h - a +0 helmet (worn)
Jewellery
 B - the ring "Ofrinog" {rC+ AC+3 Int+5 Slay+2, unknown}
   (You found it on level 5 of the Dungeon)

   [ring of protection]

   It affects your AC (+3).
   It affects your intelligence (+5).
   It affects your accuracy and damage with ranged weapons and melee attacks
   (+2).
   It protects you from cold.
Scrolls
 d - a scroll of random uselessness {unknown}
 i - 3 scrolls of teleportation {unknown}
 j - 3 scrolls of enchant weapon {unknown}
 o - a scroll of recharging {unknown}
 q - a scroll of magic mapping {unknown}
 r - a scroll of blinking {unknown}
 s - a scroll of identify {unknown}
 u - a scroll of amnesia {unknown}
 v - a scroll of remove curse {unknown}
 y - a scroll of immolation {unknown}
Potions
 g - 3 potions of degeneration {unknown}
 k - 2 potions of haste {unknown}
 m - 3 potions of curing {unknown}
 t - a potion of lignification {unknown}
 w - a potion of brilliance {unknown}
Comestibles
 c - 2 bread rations
 l - 5 fruits
 n - a beef jerky
 p - 2 slices of pizza
 x - a royal jelly
 z - a chunk of flesh
 A - a meat ration


   Skills:
 + Level 4.4 Fighting
 + Level 3.5 Maces & Flails
 - Level 2.1 Armour
 * Level 3.7 Dodging
 + Level 3.8 Invocations


You had 5 spell levels left.
You didn't know any spells.

Dungeon Overview and Level Annotations

Branches:
Dungeon (5/15)
 Temple: D:4-7

Altars:
Fedhas
Uskayaw
Vehumet


Innate Abilities, Weirdness & Mutations

You are resistant to torment.
Your stone body is resilient. (AC +4)
You are immune to poison.
You resist negative energy. (rN+)
You are resistant to electric shocks. (rElec)
You can survive without breathing.
You are immune to petrification.
You are immune to rotting.


Message History

The steam dragon is lightly wounded.
You are engulfed in a cloud of scalding steam.
The fungus is engulfed in a cloud of scalding steam. x2
The steam dragon bites you. The steam dragon barely misses you.
The steam dragon bites you but does no damage.
The steam dragon claws you.
You closely miss the steam dragon.
The steam dragon is lightly wounded.
The steam dragon bites you.
The steam dragon claws you but does no damage.
The steam dragon bites you.
The steam dragon claws you but does no damage.
The steam dragon bites you but does no damage.
The steam dragon claws you but does no damage.
The steam dragon barely misses you. The steam dragon claws you.
The steam dragon breathes steam at you. The ball of steam hits you!
* * * LOW HITPOINT WARNING * * *
You are engulfed in a cloud of scalding steam.
You die...

#≈P.≈.≈#
#P^.≈P# #..P#
#P.≈# #.D.#
#§DP# #P.P#
#P§P# ##@§#
#.P# #§§##
#..≈#
########P.P#
#......#P.≈#
#.######P..#
#.# #≈...#
####.#####.≈.P#
###########


You could see 2 steam dragons.

Vanquished Creatures
  A phantom (D:4)
  A crimson imp (D:5)
  A quasit (D:5)
  A hound (D:5)
  A centaur skeleton (D:4)
  An iguana (D:4)
  A worker ant (D:3)
  Natasha (D:4)
  4 adders
  A shadow imp (D:5)
  A worm (D:4)
  5 leopard geckos
  An orc (D:4)
  7 giant cockroaches
  8 goblins
  9 hobgoblins
  A jackal (D:2)
  2 quokkas
  A ball python skeleton (D:4)
  11 bats
  4 frilled lizards
  8 kobolds
  A quokka skeleton (D:4)
  4 rats
76 creatures vanquished.

Notes
Turn   | Place    | Note
-------+----------+-------------------------------------------
     0 | Abyss:1  | MovingMist the Gargoyle Abyssal Knight began the quest for the Orb.
     0 | Abyss:1  | Reached XP level 1. HP: 14/14 MP: 2/2
    15 | D:1      | Escaped the Abyss
   116 | D:1      | Reached skill level 1 in Dodging
   217 | D:1      | Reached XP level 2. HP: 19/19 MP: 3/3
   675 | D:2      | Found a faded altar of an unknown god.
   695 | D:2      | Reached ** piety under Lugonu
   695 | D:2      | Reached XP level 3. HP: 23/23 MP: 4/4
   853 | D:2      | Found a radiant altar of Vehumet.
  1081 | D:2      | Reached XP level 4. HP: 25/28 MP: 5/5
  1673 | D:3      | Reached XP level 5. HP: 33/33 MP: 7/7
  1728 | D:3      | Found a blossoming altar of Fedhas.
  1937 | D:4      | Found a hide-covered altar of Uskayaw.
  2188 | D:4      | Noticed a phantom
  2265 | D:4      | Killed a phantom
  2265 | D:4      | Reached skill level 4 in Fighting
  2265 | D:4      | Reached XP level 6. HP: 17/38 MP: 8/8
  2592 | D:4      | Noticed Natasha
  2650 | D:4      | Killed Natasha
  2833 | D:5      | Entered Level 5 of the Dungeon
  3287 | D:5      | Got a vibrating pewter ring
  3369 | D:5      | Noticed a steam dragon
  3370 | D:5      | Noticed a steam dragon
  3379 | D:5      | HP: 1/39 [steam dragon/ball of steam (11)]
  3380 | D:5      | Engulfed by a steam dragon's steam

Skill      XL: |  1  2  3  4  5 |
---------------+----------------+-----
Dodging        | 1 2 3 |  3.7
Invocations    | 3 |  3.8
Maces & Flails | 3 |  3.5
Fighting       | 4 |  4.4
Armour         | |  2.1

Action                   |  1- 3 |  4- 6 || total
-------------------------+-------+-------++-------
Melee: Mace              |   137 |   304 ||   441
  Eat: Chunk             |     1 |     4 ||     5
       Bread ration      |       |     1 ||     1
Armor: Leather armour    |    60 |       ||    60
       Plate armour      |    80 |   313 ||   393
Dodge: Dodged            |    79 |   116 ||   195
